 Dungeon Crawl Stone Soup version 0.20-a0-555-gf6ae02d (webtiles) character file.

282 Minion the Slasher (level 6, -7/47 HPs)
             Began as a Mummy Abyssal Knight on Feb 7, 2017.
             Was a Believer of Lugonu.
             Mangled by an ogre
             ... wielding a +0 giant club
              (25 damage)
             ... on level 2 of the Dungeon.
             The game lasted 00:09:49 (17621 turns).

Minion the Slasher (Mummy Abyssal Knight)          Turns: 17621, Time: 00:09:49

Health: -7/47      AC:  3    Str: 17    XL:     6   Next: 6%
Magic:  8/8        EV: 11    Int: 11    God:    Lugonu [**....]
Gold:   166        SH:  0    Dex: 12    Spells: 5/5 levels left

rFire    x . .     SeeInvis .   a - +1 falchion
rCold    + . .     Gourm    .   b - +0 leather armour
rNeg     + + +     Faith    .   (no shield)
rPois    ∞         Spirit   .   (no helmet)
rElec    .         Reflect  .   (no cloak)
rCorr    .         Harm     .   (no gloves)
MR       .....                  (no boots)
Stlth    +.........             e - amulet of magic regeneration
Regen    0.2/turn               (no ring)
                                (no ring)

@: no status effects
A: no food or potions, fire vulnerability, cold resistance 1, negative energy
resistance 3, torment resistance, unbreathing
a: Depart the Abyss, Bend Space, Renounce Religion


You were on level 2 of the Dungeon.
You worshipped Lugonu.
Lugonu was pleased with you.
You were not hungry.

You visited 1 branch of the dungeon, and saw 3 of its levels.
You visited the Abyss 1 time.

You collected 166 gold pieces.

Inventory:

Hand Weapons
 a - a +1 falchion (weapon)
Armour
 b - a +0 leather armour (worn)
Jewellery
 e - an amulet of magic regeneration (around neck)
Scrolls
 c - 3 scrolls of recharging {unknown}
 d - a scroll of identify {unknown}
 f - 2 scrolls of immolation {unknown}
 g - a scroll of fear {unknown}
 h - a scroll of fog {unknown}
 i - 3 scrolls of teleportation {unknown}
 j - a scroll of amnesia {unknown}
 k - a scroll of random uselessness {unknown}
 l - a scroll of remove curse {unknown}
 m - a scroll of magic mapping {unknown}


   Skills:
 - Level 3.0 Fighting
 + Level 4.7 Long Blades
 - Level 1.5 Armour
 - Level 0.7 Dodging
 - Level 3.0 Invocations


You had 5 spell levels left.
You didn't know any spells.

Dungeon Overview and Level Annotations

Branches:
Dungeon (3/15)

Altars:
Nemelex Xobeh
Ru
Zin


Innate Abilities, Weirdness & Mutations

You do not eat or drink.
Your flesh is vulnerable to fire.
You are immune to poison.
Your flesh is cold resistant. (rC+)
You are immune to negative energy. (rN+++)
You are immune to unholy pain and torment.
You can survive without breathing.


Message History

The ogre hits you with a giant club!!
You hit the ogre.
The ogre is moderately wounded.
The ogre hits you with a giant club!!
* * * LOW HITPOINT WARNING * * *
There is an open door here.
There is an open door here.
You see here an amethyst potion.
There is a stone staircase leading down here.
You see here a silver tomahawk.
The ogre barely misses you.
There is an open door here.
There is an open door here.
You see here a club.
You see here a silver tomahawk.
There is a stone staircase leading down here.
You see here a silver tomahawk.
The ogre hits you with a giant club!!
Ouch! That really hurt!
You die...

#.......#.....####.#.....#.#
#.......#........#.#.#####.#
#.......#........#.#.....#.#
#######'##........#.#.###.#.#
.....(#.######....#.#.....#.#
#####.#.#.........#.#####.#.#
#.#.#.........#.........#
#.#.#.........#######.###
#####.#.#......O@.# #.#
.........[.(.((>#+## #.#
......#.#......!...# #.#
......#.#...)......######.#
......#................##.#
...........###.###.###.##.#
................##.# #.##.#
.(.........#######.# #.##.#
.).........### #.# #.##.#


You could see an ogre.

Vanquished Creatures
  A scorpion (D:1)
  A crimson imp (D:2)
  Jessica (D:3)
  A gnoll (D:1)
  4 adders (D:2)
  A shadow imp (D:2)
  2 worms (D:2)
  4 dart slugs
  5 leopard geckos
  An orc (D:2)
  12 bats
  2 giant cockroaches
  18 goblins
  9 hobgoblins
  11 jackals (D:1)
  9 kobolds
  A quokka (D:2)
  5 frilled lizards
  15 rats
103 creatures vanquished.

Notes
Turn   | Place    | Note
-------+----------+-------------------------------------------
     0 | Abyss:1  | Minion the Mummy Abyssal Knight began the quest for the Orb.
     0 | Abyss:1  | Reached XP level 1. HP: 18/18 MP: 2/2
     9 | D:1      | Escaped the Abyss
    23 | D:1      | Reached skill level 2 in Long Blades
   161 | D:1      | Reached XP level 2. HP: 18/24 MP: 3/3
   744 | D:1      | Reached ** piety under Lugonu
   750 | D:1      | Reached XP level 3. HP: 29/29 MP: 4/4
   763 | D:1      | Reached skill level 3 in Long Blades
  1148 | D:1      | Found a sparkling altar of Nemelex Xobeh.
  1818 | D:2      | Reached XP level 4. HP: 15/35 MP: 5/5
  2316 | D:2      | Found a glowing silver altar of Zin.
  3965 | D:1      | Reached XP level 5. HP: 32/41 MP: 6/6
 10181 | D:1      | Noticed a purple ugly thing
 10611 | D:3      | Noticed Jessica
 10616 | D:3      | Killed Jessica
 10616 | D:3      | Reached skill level 4 in Long Blades
 10619 | D:3      | Found a sacrificial altar of Ru.
 17274 | D:2      | Reached XP level 6. HP: 29/47 MP: 8/8
 17621 | D:2      | Mangled by an ogre

Vault maps used:
D:1:      minmay_arrival_five_plusses, nemelex_xobeh_ov_fountains_minmay
D:2:      overflow_temple_1_default, first_bread, serial_bayou_pond_e,
          kennysheep_generic_room_10
D:3:      lemuel_doored_altar, uniq_jessica

Skill      XL: |  1  2  3  4  5 |
---------------+----------------+-----
Long Blades    | 2 3 4 |  4.7
Invocations    | 2 3 |  3.0
Fighting       | |  3.0
Armour         | |  1.5
Dodging        | |  0.7

Action                   |  1- 3 |  4- 6 || total
-------------------------+-------+-------++-------
Melee: Falchion          |   112 |   209 ||   321
Armor: Leather armour    |    46 |    54 ||   100
Dodge: Dodged            |    76 |   126 ||   202
       Rpst.: Falchion   |    24 |    38 ||    62
